 Dungeon Crawl Stone Soup version 0.19.4-12-gccf7e64 (webtiles) character file.

42 Eitelfritz the Insei (level 3, 0/28 HPs)
             Began as a Draconian Transmuter on Feb 28, 2017.
             Slain by an adder (3 damage)
             ... on level 2 of the Dungeon.
             The game lasted 00:05:37 (1343 turns).

Eitelfritz the Insei (Draconian Transmuter)         Turns: 1343, Time: 00:05:38

Health: 0/28       AC:  5    Str: 17    XL:     3   Next: 35%
Magic:  6/6        EV: 12    Int: 13    God:
Gold:   51         SH:  0    Dex: 12    Spells: 2 memorised, 3 levels left

rFire  . . .     SeeInvis .       - Unarmed
rCold  . . .     Gourm    .     (armour unavailable)
rNeg   . . .     Faith    .     (no shield)
rPois  .         Spirit   .     (helmet restricted)
rElec  .         Reflect  .     (no cloak)
rCorr  .         Harm     .     (no gloves)
MR     .....                    (no boots)
Stlth  +.........               (no amulet)
                                (no ring)
                                (no ring)

@: mighty, lethally poisoned (0 -> -14)
A: unfitting armour, cold-blooded, AC +5
a: no special abilities


You were on level 2 of the Dungeon.
You were not hungry.

You visited 1 branch of the dungeon, and saw 3 of its levels.

You collected 51 gold pieces.

Inventory:

Missiles
 a - 44 arrows
Scrolls
 e - a scroll of enchant weapon {unknown}
 h - a scroll of fog {unknown}
 i - a scroll of fear {unknown}
 j - a scroll of magic mapping {unknown}
 k - a scroll of identify {unknown}
 l - a scroll of remove curse {unknown}
Potions
 d - a potion of might
 m - a potion of berserk rage {unknown}
 n - a potion of degeneration {unknown}
Books
 b - a book of Changes

   Spells                             Type                      Level
   a - Beastly Appendage              Transmutation                1
   b - Sticks to Snakes               Transmutation                2
   c - Spider Form                    Transmutation/Poison         3
   d - Ice Form                       Ice/Transmutation            4
   e - Blade Hands                    Transmutation                5
Comestibles
 c - a bread ration
 f - a meat ration
 g - 2 chunks of flesh
 o - a beef jerky


   Skills:
 + Level 1.2 Fighting
 + Level 2.2 Dodging
 + Level 3.5 Unarmed Combat
 + Level 2.3 Spellcasting
 + Level 2.4 Transmutations


You had 3 spell levels left.
You knew the following spells:

 Your Spells              Type           Power        Failure   Level  Hunger
a - Beastly Appendage     Tmut           #.....       12%         1    #......
b - Sticks to Snakes      Tmut           #.......     17%         2    ###....


Dungeon Overview and Level Annotations

Branches:
Dungeon (3/15)

Altars:


Innate Abilities, Weirdness & Mutations

Your plain brown scales are hard. (AC +5)
You cannot fit into any form of body armour.
You are cold-blooded and may be slowed by cold attacks.


Message History

The adder bites you.
* * * LOW HITPOINT WARNING * * *
You are lethally poisoned!
The adder poisons you!
You hit the adder.
The adder is heavily wounded.
* * * LOW HITPOINT WARNING * * *
You feel sick. The adder barely misses you.
You closely miss the adder.
Your tail-slap misses the adder.
The adder is heavily wounded.
* * * LOW HITPOINT WARNING * * *
You feel sick. The adder bites you.
* * * LOW HITPOINT WARNING * * *
You are more poisoned.
The adder poisons you!
It was a potion of might.
You feel very mighty all of a sudden.
* * * LOW HITPOINT WARNING * * *
You feel sick. The adder bites you.
You die...

#.######.#.# .. #.#.###
#.# . #.#.##. #.# ....##.
#.# ..####. #.# .... ..
#.# ...# #. #.#
##.#####.###########.##
#.......S@>..........#####
..####)###########.#.....
#. #....... .. #.#.#... #.
### #.#.#### #.. #.......
.. #...##.. .. ..#
#...##.. .### ... ###.##..


You could see an adder.

Vanquished Creatures
  3 dart slugs
  2 leopard geckos
  A giant cockroach (D:1)
  4 goblins
  5 hobgoblins
  3 kobolds
  A quokka (D:2)
  3 bats (D:1)
  7 frilled lizards
  4 rats
33 creatures vanquished.

Notes
Turn   | Place    | Note
-------+----------+-------------------------------------------
     0 | D:1      | Eitelfritz the Draconian Transmuter began the quest for the Orb.
     0 | D:1      | Reached XP level 1. HP: 16/16 MP: 3/3
   134 | D:1      | Reached XP level 2. HP: 23/23 MP: 3/5
   193 | D:1      | Learned a level 2 spell: Sticks to Snakes
   932 | D:1      | Reached XP level 3. HP: 14/28 MP: 6/6
  1343 | D:2      | Slain by an adder

Skill      XL: |  1 |
---------------+----+-----
Dodging        | 2 |  2.2
Fighting       | |  1.2
Unarmed Combat | |  3.5
Spellcasting   | |  2.3
Transmutations | |  2.4

Action                   || total
-------------------------++-------
Melee: Unarmed           ||   114
       Tailslap          ||    12
       Headbutt          ||     3
       Kick              ||     3
       Punch             ||     1
 Cast: Beastly Appendage ||    20
  Use: Potion            ||     1
  Eat: Chunk             ||     2
Armor: Skin              ||    29
Dodge: Dodged            ||    69
